 Dungeon Crawl Stone Soup version 0.25-b1-23-ge2ad7d536c (webtiles) character file.

Game seed: 5562141918738219868, levelgen mode: deterministic

2035584 Sedillia the Hoplite (level 27, 274/279 HPs)
             Began as a Deep Dwarf Fighter on May 31, 2020.
             Was the Champion of Makhleb.
             Escaped with the Orb
             ... and 3 runes on June 1, 2020!
             The game lasted 04:09:50 (50645 turns).

Sedillia the Hoplite (Deep Dwarf Fighter)          Turns: 50645, Time: 04:09:51

Health: 274/279    AC: 53    Str: 40    XL:     27
Magic:  17/17      EV: 16    Int: 18    God:    Makhleb [******]
Gold:   5058       SH: 36    Dex: 13    Spells: 24/26 levels left

rFire    + + +     SeeInvis .   J - +9 broad axe (flame)
rCold    + + .     Gourm    .   y - +3 tower shield {AC+3}
rNeg     + . .     Faith    .   p - +8 gold dragon scales
rPois    +         Spirit   .   (helmet restricted)
rElec    +         Reflect  +   S - +5 cloak of Vampiric Thralls {Str+4}
rCorr    .         Harm     .   L - +2 pair of gloves
MR       +++++                  O - +1 pair of boots of the Bard {Int+7}
Stlth    ..........             K - amulet of reflection
HPRegen  0.00/turn              u - ring "Dyar Ver" {rElec rF+ MR+ Str+6}
MPRegen  0.15/turn              R - ring "Vibo Idu" {rF+ rC+ AC+4}

@: non-regenerating, studying Bows, drained
A: damage resistance, heal wounds, beak, horns 1, thin metallic scales 1, blurry
vision 2, deterioration 1, negative energy resistance 1, sense surroundings 3,
no regeneration
0: Orb of Zot
}: 3/15 runes: barnacled, silver, gossamer
a: Heal Wounds, Minor Destruction, Lesser Servant of Makhleb, Major Destruction,
Greater Servant of Makhleb, Renounce Religion


You escaped.
You worshipped Makhleb.
Makhleb was exalted by your worship.
You were completely stuffed.

You visited 10 branches of the dungeon, and saw 50 of its levels.
You visited 1 bazaar.
You also visited: Trove, Ice Cave and Desolation.

You collected 6745 gold pieces.
You spent 1687 gold pieces at shops.

Inventory:

Hand Weapons
 J - a +9 broad axe of flaming (weapon)
Missiles
 G - 8 throwing nets (quivered)
Armour
 i - the +2 helmet of Responsibility {rElec rPois rN+}
   (You bought it in a shop on level 3 of the Vaults)

   It insulates you from electricity.
   It protects you from poison.
   It protects you from negative energy.
 p - +8 gold dragon scales (worn)
 y - a +3 tower shield of protection (worn)
 L - a +2 pair of gloves (worn)
 O - the +1 pair of boots of the Bard (worn) {Int+7}
   (You found it on level 5 of the Vaults)

   It affects your intelligence (+7).
 S - the +5 cloak of Vampiric Thralls (worn) {Str+4}
   (You bought it in a shop on level 2 of the Orcish Mines)

   It affects your strength (+4).
Jewellery
 a - the ring of Pecunell {Wiz *Corrode +Blink Dex-4 SInv}
   (You found it in a treasure trove)

   [ring of wizardry]

   It improves your spell success rate.
   It affects your dexterity (-4).
   It lets you see invisible.
   It lets you blink.
   It may corrode you when you take damage.
 u - the ring "Dyar Ver" (left hand) {rElec rF+ MR+ Str+6}
   (You acquired it on level 4 of the Depths)

   [ring of strength]

   It affects your strength (+6).
   It protects you from fire.
   It insulates you from electricity.
   It affects your resistance to hostile enchantments.
 E - the ring "Qomur" {Fire Str+4 Dex+2 SInv Stlth-}
   (You found it in the Desolation of Salt)

   [ring of fire]

   It enhances your fire magic.
   It affects your strength (+4).
   It affects your dexterity (+2).
   It protects you from fire.
   It makes you vulnerable to cold.
   It lets you see invisible.
   It makes you less stealthy.
 I - an uncursed ring of resist corrosion
 K - an amulet of reflection (around neck)
 R - the ring "Vibo Idu" (right hand) {rF+ rC+ AC+4}
   (You found it on level 5 of the Vaults)

   [ring of protection]

   It affects your AC (+4).
   It protects you from fire.
   It protects you from cold.
Wands
 n - a wand of disintegration (17)
 t - a wand of enslavement (32)
 z - a wand of polymorph (82)
 D - a wand of iceblast (30)
 F - a wand of acid (10)
 M - a wand of digging (4)
 Y - a wand of clouds (11)
Scrolls
 b - 9 scrolls of fog
 e - 15 scrolls of teleportation
 g - 11 scrolls of blinking
 l - 13 scrolls of remove curse
 w - 3 scrolls of enchant weapon
 C - 3 scrolls of summoning
 H - 4 scrolls of silence
 N - 5 scrolls of amnesia
 U - 8 scrolls of identify
 V - 3 scrolls of magic mapping
 W - 3 scrolls of fear
Potions
 d - 2 potions of berserk rage
 h - 11 potions of brilliance
 k - 4 potions of might
 m - 8 potions of heal wounds
 q - 4 potions of cancellation
 r - 3 potions of flight
 s - 13 potions of curing
 v - 4 potions of mutation
 x - 6 potions of ambrosia
 A - a potion of magic
 P - 3 potions of invisibility
 Q - 2 potions of haste
Books
 Z - a manual of Bows
Miscellaneous
 X - 5 phantom mirrors
Comestibles
 f - 78 rations


   Skills:
 + Level 22.7(21.3) Fighting
 + Level 24.8(23.3) Axes
 + Level 21.3(19.9) Armour
 + Level 17.9(16.6) Dodging
 - Level 25.0(23.5) Shields
 - Level 14.0(12.8) Invocations
 - Level 10.0(8.9) Evocations


You had 24 spell levels left.
You knew the following spells:

 Your Spells              Type           Power        Failure   Level  Hunger
a - Song of Slaying       Chrm           #.......     93%         2    ###....

Your spell library contained the following spells:

 Spells                   Type           Power        Failure   Level  Hunger
 Beastly Appendage        Tmut           #.....       83%         1    ##.....
 Corona                   Hex            #......      83%         1    ##.....
 Foxfire                  Conj/Fire      #...         83%         1    ##.....
 Freeze                   Ice            #...         83%         1    ##.....
 Infusion                 Chrm           #...         83%         1    ##.....
 Magic Dart               Conj           #...         83%         1    ##.....
 Sandblast                Erth           #.....       83%         1    ##.....
 Shock                    Conj/Air       #...         83%         1    ##.....
 Summon Small Mammal      Summ           #...         83%         1    ##.....
 Blink                    Tloc           N/A          93%         2    ###....
 Call Imp                 Summ           #.......     93%         2    ###....
 Ensorcelled Hibernation  Hex/Ice        #.....       93%         2    ###....
 Passwall                 Tmut/Erth      #.......     93%         2    ###....
 Poisonous Vapours        Pois/Air       #.....       93%         2    ###....
 Searing Ray              Conj           #.....       93%         2    ###....
 Shroud of Golubria       Chrm/Tloc      #.....       93%         2    ###....
 Slow                     Hex            #.......     93%         2    ###....
 Sticks to Snakes         Tmut           #.......     93%         2    ###....
 Call Canine Familiar     Summ           #.......     99%         3    ####...
 Confusing Touch          Hex            #.......     99%         3    ####...
 Conjure Flame            Conj/Fire      #.......     99%         3    ####...
 Dazzling Flash           Conj/Hex       #.....       99%         3    ####...
 Frozen Ramparts          Ice            #.....       99%         3    ####...
 Gell's Gravitas          Tloc           #.........   99%         3    ####...
 Inner Flame              Hex/Fire       #.......     99%         3    ####...
 Mephitic Cloud           Conj/Pois/Air  #.......     99%         3    ####...
 Ozocubu's Armour         Chrm/Ice       #.......     99%         3    ####...
 Portal Projectile        Hex/Tloc       #.....       99%         3    ####...
 Recall                   Summ/Tloc      N/A          99%         3    ####...
 Spectral Weapon          Hex/Chrm       #.......     99%         3    ####...
 Spider Form              Tmut/Pois      #.........   99%         3    ####...
 Static Discharge         Conj/Air       #.......     99%         3    ####...
 Stone Arrow              Conj/Erth      #.....       99%         3    ####...
 Summon Guardian Golem    Hex/Summ       #.......     99%         3    ####...
 Tukima's Dance           Hex            #.......     99%         3    ####...
 Animate Dead             Necr           N/A          100%        4    #####..
 Fulminant Prism          Conj/Hex       #.........   100%        4    #####..
 Hailstorm                Conj/Ice       #.......     100%        4    #####..
 Ice Form                 Ice/Tmut       #.......     100%        4    #####..
 Iskenderun's Mystic Bla  Conj/Tloc      #.......     100%        4    #####..
 Olgreb's Toxic Radiance  Pois           #.......     100%        4    #####..
 Petrify                  Tmut/Erth      #.......     100%        4    #####..
 Sticky Flame             Conj/Fire      #.......     100%        4    #####..
 Summon Ice Beast         Ice/Summ       #.......     100%        4    #####..
 Summon Lightning Spire   Summ/Air       #.......     100%        4    #####..
 Aura of Abjuration       Summ           #.........   100%        5    ######.
 Blade Hands              Tmut           #.........   100%        5    ######.
 Borgnjor's Vile Clutch   Necr/Erth      #.........   100%        5    ######.
 Fireball                 Conj/Fire      #.........   100%        5    ######.
 Lee's Rapid Deconstruct  Erth           #.........   100%        5    ######.
 Lightning Bolt           Conj/Air       #.........   100%        5    ######.
 Metabolic Englaciation   Hex/Ice        #.........   100%        5    ######.
 Silence                  Hex/Air        #.........   100%        5    ######.
 Summon Demon             Summ           #.........   100%        5    ######.
 Summon Forest            Summ/Tloc      #.........   100%        5    ######.
 Summon Mana Viper        Hex/Summ       #.......     100%        5    ######.
 Yara's Violent Unravell  Hex/Tmut       #.........   100%        5    ######.
 Conjure Ball Lightning   Conj/Air       #.........   100%        6    #######
 Darkness                 Hex            #.........   100%        6    #######
 Death Channel            Necr           #.........   100%        6    #######
 Dispersal                Tloc           #.........   100%        6    #######
 Freezing Cloud           Conj/Ice/Air   #.........   100%        6    #######
 Shadow Creatures         Summ           N/A          100%        6    #######
 Simulacrum               Ice/Necr       #.........   100%        6    #######
 Starburst                Conj/Fire      #.........   100%        6    #######
 Haunt                    Necr/Summ      #.........   100%        7    #######
 Ring of Flames           Chrm/Fire      #.........   100%        7    #######
 Borgnjor's Revivificati  Necr           #.........   100%        8    #######
 Chain Lightning          Conj/Air       #.........   100%        8    #######
 Controlled Blink         Tloc           N/A          100%        8    #######
 Death's Door             Chrm/Necr      #.........   100%        8    #######
 Disjunction              Tloc           #.........   100%        8    #######
 Ignition                 Fire           #.........   100%        8    #######
 Infestation              Necr           #.........   100%        8    #######
 Lehudib's Crystal Spear  Conj/Erth      #.........   100%        8    #######
 Necromutation            Tmut/Necr      #.........   100%        8    #######
 Absolute Zero            Ice            #.........   100%        9    #######
 Fire Storm               Conj/Fire      #.........   100%        9    #######
 Shatter                  Erth           #.........   100%        9    #######
 Tornado                  Air            #.........   100%        9    #######


Dungeon Overview and Level Annotations

Branches:
Dungeon (15/15)            Temple (1/1) D:7            Lair (6/6) D:10
 Shoals (4/4) Lair:4       Spider (4/4) Lair:3        Slime (0/5) Lair:5
    Orc (2/2) D:9             Elf (3/3) Orc:2        Vaults (5/5) D:13
  Crypt (0/3) Vaults:3     Depths (5/5) D:15            Zot (5/5) Depths:5
  IceCv (visited)         Desolation (visited)

Altars:
Ashenzari
Cheibriados
Dithmenos
Elyvilon
Fedhas
Gozag
Hepliaklqana
Kikubaaqudgha
Makhleb
Okawaru
Qazlal
Ru
Sif Muna
Trog
Uskayaw
Vehumet
Wu Jian
Xom
Yredelemnul
Zin
The Shining One
Jiyva
Lugonu

Shops:
D:6 =   D:10 [   Orc:2 =[(:?   Vaults:2 (   Vaults:3 [   Depths:1 =
Depths:3 (

Portals:
Hell: Depths:1 Depths:2 Depths:3 Depths:4 Depths:5
Abyss: Depths:4
Pandemonium: Depths:2 Depths:3
Ziggurat: Depths:4

Annotations:
Lair:1 exclusion: oklob plant


Innate Abilities, Weirdness & Mutations

You are resistant to damage.
You can heal yourself by infusing magical energy.
You resist negative energy. (rN+)
You passively map a large area around you.
You do not regenerate.
You have a beak for a mouth.
You have a pair of small horns on your head.
You are partially covered in thin metallic scales. (AC +2)
Scrolls take you longer to read.
Your body sometimes deteriorates upon taking damage.


Message History

There is a stone staircase leading up here.
You climb upwards.
There is a stone staircase leading down here.
A toenail golem comes into view.
You slash the toenail golem!
You headbutt the toenail golem, but do no damage.
You peck the toenail golem.
The toenail golem is moderately damaged.
You slice the toenail golem!! You burn the toenail golem.
You headbutt the toenail golem, but do no damage.
Your peck misses the toenail golem.
The toenail golem is almost destroyed.
You block the toenail golem's attack.
You slash the toenail golem! You burn the toenail golem.
You destroy the toenail golem!
Makhleb accepts your kill.
You enter the shallow water.
Moving in this stuff is going to be slow.
There is a staircase leading out of the dungeon here.
You have escaped!

# #.# #.# #.####.#.#.# # #.# #.#
#........#.# # ###.## #.#
#........#.# #
#....#################......#
####.#.##≈≈≈≈≈≈≈≈≈≈≈≈≈≈≈##.#####
.......##≈≈≈≈≈.....≈≈≈≈≈##.#
#########≈≈....≈≈≈....≈≈#..#
#≈...≈≈≈.≈≈≈...≈#..####
#≈..≈≈..@.≈≈≈.........#
#≈...≈≈≈.≈≈≈...≈#####.#
#########≈≈....≈≈≈....≈≈# #.#
........#≈≈≈≈≈.....≈≈≈≈≈# #.#
#########≈≈≈≈≈≈≈.≈≈≈≈≈≈≈# #.#
########.############.#
#..............#
################


There were no monsters in sight!

Vanquished Creatures
  A pandemonium lord (Zot:2)
  The ghost of Beclu the Imperceptible, a legendary GnSk of Dithmenos (Zot:4)
  Mennas (Depths:5)
  A juggernaut (Depths:3)
  5 orbs of fire (Zot:5)
  5 ancient liches
  The ghost of deprived the Bringer of Light, a veteran HOFi of the Shining One (Vaults:3)
  Boris (thrice) (Vaults:2 Vaults:3 Depths:5)
  Frederick (Vaults:5)
  3 Killer Klowns (Zot:5)
  2 curse toes (Zot:4)
  Saint Roka (Depths:1)
  The ghost of Heg Cuhi the Slayer, an adept MiFi of Okawaru (Elf:2)
  10 golden dragons
  A bone dragon (Depths:5)
  the Enchantress (Depths:1)
  11 liches
  Jorgrun (Spider:3)
  3 electric golems
  27 Orb Guardians
  18 tentacled monstrosities
  Rupert (Lair:4)
  8 titans
  5 deep elf blademasters
  Asterion (Spider:3)
  4 deep elf master archers
  5 quicksilver dragons
  11 death cobs
  Kirke (Lair:4)
  Agnes (Spider:4)
  5 sphinxes
  The ghost of Rod Caur the Severer, an adept HOFi of Beogh (Spider:4)
  16 shadow dragons
  14 storm dragons
  Donald (Spider:4)
  3 tentacled starspawn (Depths:4)
  6 tengu reavers
  6 fire giants
  Ilsuiw (Shoals:4)
  4 draconian monks
  8 draconian knights
  Aizul (Depths:3)
  An iron dragon (Vaults:5)
  8 frost giants
  5 deep elf sorcerers (Elf:3)
  An orc warlord (Orc:1)
  3 imperial myrmidons (Desolation)
  10 emperor scorpions
  7 draconian scorchers
  Louise (Depths:4)
  10 deep elf elementalists
  7 ghost moths
  5 draconian shifters
  The ghost of Ahonude the Brawler, a journeyman TrMo of Qazlal (D:13)
  7 vault wardens
  A cacodemon (Zot:2)
  6 draconian stormcallers
  18 very ugly things
  8 draconian annihilators
  3 spriggan defenders (Depths:1)
  4 entropy weavers
  2 war gargoyles (Vaults:5)
  17 stone giants
  13 ironheart preservers
  2 vampire knights
  7 green draconians
  8 deep elf demonologists
  11 black draconians
  6 dire elephants (Lair:6)
  12 purple draconians
  8 white draconians
  A halazid warlock (Desolation)
  12 yellow draconians
  5 spark wasps
  12 red draconians
  14 deep elf annihilators
  8 ettins
  3 crystal guardians
  5 deep elf death magi
  5 merfolk impalers
  6 merfolk javelineers (Shoals:4)
  6 ragged hierophants (Desolation)
  7 fire dragons
  8 deep elf high priests
  11 ogre magi
  A great orb of eyes (shapeshifter) (Vaults:4)
  10 great orbs of eyes
  11 yaktaur captains
  3 rakshasas
  31 vault guards
  Erolcha (D:9)
  10 ice dragons
  6 hydras
  2 spriggan air magi
  5 servants of whispers
  An anaconda (Lair:6)
  4 peacekeepers (Desolation)
  5 merfolk aquamancers
  A satyr (Shoals:3)
  5 merfolk avatars
  12 death yaks
  10 centaur warriors
  2 death knights
  A satyr (shapeshifter) (Vaults:5)
  39 two-headed ogres
  12 deep troll shamans
  8 tengu warriors
  3 deep troll earth magi (Depths:2)
  30 dancing weapons
  4 spriggan berserkers
  2 thrashing horrors (Depths:4)
  21 deep elf knights
  3 hell hogs (Depths:3)
  A sun demon (D:15)
  3 small abominations
  An orc high priest (Orc:1)
  A storm dragon zombie (Vaults:3)
  A wretched star (Depths:4)
  A soul eater (Depths:1)
  A shadow wraith (Vaults:4)
  8 iron trolls
  2 fire crabs (shapeshifter)
  A storm dragon skeleton (Vaults:2)
  A sixfirhy (Depths:2)
  An unseen horror (shapeshifter) (Depths:3)
  5 skeletal warriors (D:14)
  3 unseen horrors
  20 deep trolls
  A hell knight (Depths:2)
  10 sea snakes
  3 flayed ghosts
  3 glowing orange brains
  A lindwurm (shapeshifter) (Depths:3)
  4 wizards
  A gelid demonspawn (Zot:2)
  22 harpies
  10 deep elf archers
  16 ironbrand convokers
  4 phantasmal warriors (Vaults:5)
  A harpy (shapeshifter) (Vaults:1)
  18 orc knights
  3 wolf spider zombies
  9 necromancers
  Pikel (D:4)
  A shining eye (shapeshifter) (Depths:4)
  36 wolf spiders
  63 deep elf magi
  53 ugly things
  7 orc sorcerers
  18 orb spiders
  12 manticores
  An oklob plant (Lair:3)
  A human zombie (Vaults:2)
  A tengu skeleton (Vaults:2)
  9 cyclopes
  A salamander (shapeshifter) (Depths:5)
  3 salamanders
  3 large abominations (Depths:4)
  A fire giant zombie (Vaults:2)
  8 fauns
  19 elephants
  21 vault sentinels
  A toenail golem (D:1)
  5 merfolk sirens
  3 guardian serpents
  3 human skeletons
  A frost giant skeleton (Vaults:2)
  2 ice statues (IceCv)
  4 centaur zombies
  36 moths of wrath
  6 black mambas
  5 water nymphs
  A rust devil (Zot:2)
  2 gargoyles
  3 torpor snails
  15 spiny frogs
  2 orange demons (Zot:2)
  A titan simulacrum (Vaults:4)
  A storm dragon simulacrum (Vaults:2)
  5 spectral swamp worms (Depths:4)
  3 kobold demonologists
  A rime drake (Lair:2)
  13 ice devils
  A yaktaur (shapeshifter) (Vaults:3)
  32 yaktaurs
  2 efreet
  5 komodo dragons
  14 demonic crawlers
  3 freezing wraiths
  A hellwing (Depths:1)
  A red devil (Depths:1)
  30 merfolk
  A queen bee (Lair:2)
  A tormentor (Zot:5)
  6 trolls
  7 tengu conjurers
  A wind drake (shapeshifter) (Vaults:4)
  A polar bear (Lair:5)
  A queen bee (shapeshifter) (Vaults:3)
  50 jumping spiders
  4 wind drakes
  A meliai zombie (D:15)
  8 hornets
  A slime creature (shapeshifter) (Vaults:5)
  26 slime creatures
  37 saltlings
  6 snapping turtles
  9 dream sheep (Lair:6)
  A stone giant simulacrum (Vaults:3)
  A human simulacrum (Vaults:4)
  18 blink frogs
  2 air elementals
  A frost giant simulacrum (Vaults:2)
  10 hippogriffs
  98 redbacks
  3 redbacks (shapeshifter)
  49 tarantellas
  Eustachio (D:5)
  11 hogs
  4 vampires
  4 wyverns
  An ettin skeleton (Vaults:3)
  14 water elementals
  A yak (shapeshifter) (Elf:2)
  5 basilisks
  5 spriggans
  5 fire elementals
  3 fire bats (Depths:1)
  52 yaks
  A human (D:7)
  3 vampire mosquitoes
  A hungry ghost (D:13)
  A soldier ant (D:10)
  9 wargs
  A soldier ant (shapeshifter) (Elf:1)
  15 water moccasins
  3 acid dragons
  13 hell hounds
  8 porcupines
  An elf zombie (Vaults:2)
  3 black bears
  61 orc warriors
  4 phantoms
  10 ice beasts
  36 ogres
  4 sky beasts
  2 slaves (D:4)
  3 eyes of draining
  An orc zombie (Vaults:2)
  An eye of draining (shapeshifter) (Vaults:4)
  2 boggarts (shapeshifter)
  8 boggarts
  46 centaurs
  10 crocodiles
  4 big kobolds
  21 bullfrogs
  5 earth elementals
  4 gnoll sergeants (D:9)
  A wyvern skeleton (D:9)
  A scorpion (shapeshifter) (Vaults:2)
  39 killer bees
  3 scorpions
  An elf simulacrum (Vaults:2)
  An electric eel (Lair:4)
  3 howler monkeys
  2 bullfrog zombies
  14 crimson imps
  2 quasits
  2 draconian simulacra (IceCv)
  4 starcursed masses (Depths:4)
  6 centaur skeletons
  14 orc priests
  2 gnoll shamans
  9 hounds
  4 jellies
  3 iguanas
  22 orc wizards
  3 troll simulacra (IceCv)
  12 worker ants
  3 centaur simulacra (IceCv)
  A hound zombie (D:11)
  2 hound skeletons
  A worker ant zombie (D:5)
  Robin (D:4)
  16 gnolls
  An ogre simulacrum (IceCv)
  13 adders
  A howler monkey skeleton (D:5)
  A naga simulacrum (IceCv)
  5 shadow imps
  4 white imps (D:15)
  2 worms (D:3)
  4 dart slugs
  2 leopard geckos
  143 orcs
  A ball python (D:4)
  10 giant cockroaches
  16 goblins
  10 hobgoblins
  16 jackals
  23 kobolds
  7 quokkas
  6 bats
  A frilled lizard (D:3)
  2 leopard gecko skeletons (D:6)
  A quokka skeleton (D:8)
  2 rats (D:2)
  A spectral orc (D:3)
  7 crawling corpses
  8 fungi
  A lurking horror (Depths:4)
  29 plants
  2 starspawn tentacles (Depths:4)
2577 creatures vanquished.

Vanquished Creatures (collateral kills)
  Arachne (Spider:2)
  A jumping spider (Spider:2)
  A hippogriff (Lair:3)
  2 tarantellas (Spider:2)
  4 redbacks (Spider:2)
9 creatures vanquished.

Vanquished Creatures (others)
  Nikola (Shoals:4)
  A draconian annihilator (Zot:4)
  A hell beast (D:14)
  A merfolk aquamancer (Shoals:4)
  A satyr (Shoals:4)
  A deep elf archer (Elf:1)
  3 deep elf magi
  A centaur skeleton (D:11)
  A tengu conjurer (Depths:2)
  A merfolk (Shoals:4)
  A saltling (Desolation)
  A slave (D:4)
  An ogre (Vaults:3)
  2 orc priests (Elf:1)
  2 gnolls (D:4)
  5 orcs
  A kobold (D:14)
  A crawling corpse (Elf:1)
  3 fungi
  A plant (Lair:6)
  7 starspawn tentacles (Depths:4)
37 creatures vanquished.

Grand Total: 2623 creatures vanquished

Notes
Turn   | Place    | Note
-------+----------+-------------------------------------------
     0 | D:1      | Sedillia the Deep Dwarf Fighter began the quest for the
                  | Orb.
     0 | D:1      | Reached XP level 1. HP: 20/20 MP: 1/1
   111 | D:1      | Reached XP level 2. HP: 21/27 MP: 2/2
   501 | D:1      | Reached XP level 3. HP: 26/33 MP: 3/3
   709 | D:2      | Found a shimmering altar of Xom.
   712 | D:2      | Reached skill level 4 in Shields
   749 | D:2      | Found a white marble altar of Elyvilon.
   750 | D:2      | Found a glowing golden altar of the Shining One.
   751 | D:2      | Found a glowing silver altar of Zin.
  1247 | D:2      | Reached XP level 4. HP: 24/42 MP: 4/4
  1544 | D:3      | Found a basalt altar of Yredelemnul.
  1913 | D:3      | Found a snail-covered altar of Cheibriados.
  2173 | D:4      | Noticed Robin
  2177 | D:4      | Killed Robin
  2280 | D:4      | Reached XP level 5. HP: 43/49 MP: 0/5
  2373 | D:4      | Got a slimy dagger
  2487 | D:4      | Noticed an ogre
  2503 | D:4      | Killed an ogre
  2503 | D:4      | Reached skill level 5 in Shields
  2503 | D:4      | Reached XP level 6. HP: 28/56 MP: 0/5
  2516 | D:4      | Noticed a slave
  2516 | D:4      | Noticed a slave
  2518 | D:4      | Noticed Pikel
  2518 | D:4      | Noticed a slave
  2518 | D:4      | Noticed a slave
  2540 | D:4      | Killed a slave
  2545 | D:4      | Killed a slave
  2546 | D:4      | Killed Pikel
  2546 | D:4      | Reached skill level 5 in Axes
  2546 | D:4      | Reached skill level 5 in Armour
  2546 | D:4      | Reached skill level 6 in Shields
  2546 | D:4      | Reached XP level 7. HP: 31/64 MP: 0/5
  2589 | D:4      | Found a snail-covered altar of Cheibriados.
  3059 | D:5      | Entered Level 5 of the Dungeon
  3147 | D:5      | Noticed Eustachio
  3322 | D:5      | Killed Eustachio
  3322 | D:5      | Reached XP level 8. HP: 32/73 MP: 0/6
  3528 | D:5      | Reached skill level 7 in Shields
  3987 | D:6      | Found Luuwum's Jewellery Shop.
  4065 | D:6      | Reached skill level 5 in Fighting
  4191 | D:6      | Found a glowing golden altar of the Shining One.
  4312 | D:6      | Reached skill level 8 in Shields
  4316 | D:6      | Gained mutation: You passively map the area around you.
                  | [Deep Dwarf growth]
  4316 | D:6      | Reached XP level 9. HP: 31/81 MP: 0/6
  4460 | D:6      | Found an iron altar of Okawaru.
  4873 | D:7      | Got a smoking graven amulet
  4875 | D:7      | Identified the amulet "Qaczue Paid" {rPois Regen+ Str+2}
                  | (You found it on level 7 of the Dungeon)
  5166 | D:7      | Found a staircase to the Ecumenical Temple.
  5175 | Temple   | Entered the Ecumenical Temple
  5235 | Temple   | Became a worshipper of Makhleb the Destroyer
  5301 | D:7      | Found an opulent altar of Gozag.
  5302 | D:7      | Found a hazy altar of Hepliaklqana.
  5316 | D:7      | Found a stormy altar of Qazlal.
  5325 | D:7      | Found a blossoming altar of Fedhas.
  5572 | D:7      | Found an opulent altar of Gozag.
  5640 | D:7      | Reached skill level 9 in Shields
  5650 | D:7      | Reached * piety under Makhleb
  5971 | D:7      | Reached XP level 10. HP: 22/91 MP: 5/5
  6233 | D:8      | Reached skill level 10 in Shields
  6297 | D:8      | Reached skill level 10 in Axes
  6504 | D:8      | Found a radiant altar of Vehumet.
  6701 | D:9      | Found a staircase to the Orcish Mines.
  6713 | D:9      | Reached ** piety under Makhleb
  6784 | D:9      | Noticed Erolcha
  6790 | D:9      | Killed Erolcha
  6793 | D:9      | Reached skill level 11 in Shields
  7243 | D:10     | Entered Level 10 of the Dungeon
  7285 | D:10     | Noticed a death yak
  7285 | D:10     | Noticed a death yak
  7286 | D:10     | Noticed a death yak
  7286 | D:10     | Noticed a death yak
  7286 | D:10     | Noticed a death yak
  7286 | D:10     | Noticed a death yak
  7288 | D:10     | Noticed a death yak
  7289 | D:10     | Noticed a death yak
  7315 | D:10     | Killed a death yak
  7315 | D:10     | Reached XP level 11. HP: 49/99 MP: 5/5
  7316 | D:10     | Killed a death yak
  7320 | D:10     | Killed a death yak
  7326 | D:10     | Killed a death yak
  7347 | D:10     | Reached *** piety under Makhleb
  7518 | D:10     | Reached skill level 1 in Dodging
  7539 | D:10     | Reached skill level 12 in Shields
  7622 | D:10     | Found Iczesuel's Armour Shop.
  7655 | D:10     | Found a staircase to the Lair.
  7691 | D:10     | Killed a death yak
  7691 | D:10     | Reached skill level 1 in Invocations
  7712 | D:10     | Killed a death yak
  7712 | D:10     | Killed a death yak
  7736 | D:10     | Killed a death yak
  7736 | D:10     | Reached **** piety under Makhleb
  7736 | D:10     | Reached XP level 12. HP: 99/110 MP: 5/5
  8099 | D:10     | Identified the cursed +2 dagger of Vanapniz {vamp, +Inv rF-
                  | Int+6} (You found it on level 4 of the Dungeon)
  8468 | Lair:1   | Entered Level 1 of the Lair of Beasts
  8588 | Lair:1   | Got a fading chain mail
  8605 | Lair:1   | Identified the +2 chain mail of Foolhardiness {Int+6} (You
                  | found it on level 1 of the Lair of Beasts)
  9431 | Lair:2   | Reached skill level 13 in Shields
  9779 | Lair:2   | Reached ***** piety under Makhleb
 10329 | Lair:3   | Found a hole to the Spider Nest.
 10416 | Lair:3   | Reached skill level 10 in Armour
 10705 | Lair:3   | Reached skill level 5 in Invocations
 11437 | Lair:4   | Reached skill level 1 in Evocations
 11437 | Lair:4   | Reached XP level 13. HP: 118/118 MP: 8/8
 11533 | Lair:4   | Reached skill level 5 in Dodging
 11593 | Lair:4   | Noticed Rupert
 11618 | Lair:4   | Killed Rupert
 11700 | Lair:4   | Noticed Kirke
 11885 | Lair:4   | Killed Kirke
 12290 | Lair:4   | Found a staircase to the Shoals.
 12513 | Lair:5   | Reached skill level 14 in Shields
 12537 | Lair:5   | Found a staircase to the Slime Pits.
 12537 | Lair:5   | Found a viscous altar of Jiyva.
 13322 | Lair:6   | Entered Level 6 of the Lair of Beasts
 13540 | D:11     | Got an ichor-stained scale mail
 13629 | D:11     | Found a flickering gateway to a bazaar.
 13635 | Bazaar   | Entered a bazaar
 13635 | Bazaar   | Found Plog's Gadget Shop.
 13652 | Bazaar   | Found Worhouda's Antique Weapon Emporium.
 13660 | Bazaar   | Found Xiqof's Weapon Boutique.
 13671 | Bazaar   | Found Weereej's Antique Armour Emporium.
 13677 | Bazaar   | Bought a glowing kite shield for 120 gold pieces
 13810 | D:11     | Reached skill level 5 in Evocations
 13865 | D:11     | Gained mutation: You resist negative energy. (rN+) [Deep
                  | Dwarf growth]
 13865 | D:11     | Reached XP level 14. HP: 129/129 MP: 9/9
 13889 | D:11     | Reached ****** piety under Makhleb
 14070 | D:11     | Found the +7 captain's cutlass {speed, disarm}
 14137 | D:11     | Got a bloodstained helmet
 14147 | D:11     | Identified the +0 helmet of Crawling {rF+ Regen+} (You
                  | found it on level 11 of the Dungeon)
 14158 | D:11     | Identified the +0 scale mail of Moral Flaws {Harm rPois
                  | Int-5 Stlth+} (You found it on level 11 of the Dungeon)
 14285 | D:11     | Found a stormy altar of Qazlal.
 15154 | D:12     | You fall into a shaft and drop 3 floors!
 15154 | D:15     | Entered Level 15 of the Dungeon
 15262 | D:14     | Found a blossoming altar of Fedhas.
 15495 | D:13     | Reached skill level 15 in Shields
 15729 | D:12     | Reached skill level 15 in Axes
 15949 | D:13     | Found a white marble altar of Elyvilon.
 16121 | D:13     | Found a gate to the Vaults.
 16226 | D:13     | Found a runed translucent gate.
 16226 | D:13     | Found a runed translucent gate.
 16226 | D:13     | Found a runed translucent gate.
 16226 | D:13     | Found an ancient bone altar of Kikubaaqudgha.
 16226 | D:13     | Noticed a lich
 16226 | D:13     | Noticed a lich
 16227 | D:13     | Noticed Ahonude's ghost (journeyman TrMo)
 16227 | D:13     | Noticed a lich
 16227 | D:13     | Noticed a lich
 17332 | D:15     | Reached skill level 10 in Fighting
 17358 | D:15     | Found a staircase to the Depths.
 17379 | D:15     | Reached XP level 15. HP: 138/138 MP: 12/12
 17607 | D:15     | Identified a scroll of acquirement
 17822 | Orc:1    | Entered Level 1 of the Orcish Mines
 17822 | Orc:1    | Found a frozen archway.
 17863 | IceCv    | Entered an ice cave
 18313 | Orc:2    | Entered Level 2 of the Orcish Mines
 18553 | Orc:2    | Found a staircase to the Elven Halls.
 18589 | Orc:2    | Found Jifuah's Magic Scroll Shoppe.
 18940 | Orc:2    | Found Mocol's Antique Armour Emporium.
 18940 | Orc:2    | Found Jumas's Weapon Shop.
 18942 | Orc:2    | Found Toilipn's Book Boutique.
 18944 | Orc:2    | Found Xijon's Jewellery Shoppe.
 18948 | Orc:2    | Bought a bloodstained cloak for 218 gold pieces
 18949 | Orc:2    | Bought a throwing net for 39 gold pieces
 19153 | Orc:2    | Bought a scroll of enchant armour for 120 gold pieces
 19153 | Orc:2    | Bought a scroll of enchant armour for 120 gold pieces
 19191 | Orc:1    | Noticed an orc warlord
 19227 | Orc:1    | Killed an orc warlord
 19675 | Orc:1    | Identified the +5 cloak of Vampiric Thralls {Str+4} (You
                  | bought it in a shop on level 2 of the Orcish Mines)
 19917 | Shoals:1 | Entered Level 1 of the Shoals
 20914 | Shoals:3 | Reached XP level 16. HP: 143/148 MP: 15/15
 21322 | Shoals:4 | Entered Level 4 of the Shoals
 21401 | Shoals:4 | Got a brightly glowing lapis lazuli ring
 21402 | Shoals:4 | Identified the ring of Buag {rN+ Int+2 Stlth+} (You found
                  | it on level 4 of the Shoals)
 21634 | Shoals:4 | Noticed Ilsuiw
 21689 | Shoals:4 | Reached skill level 10 in Dodging
 21720 | Shoals:4 | Reached skill level 10 in Invocations
 21732 | Shoals:4 | Killed Ilsuiw
 21858 | Shoals:4 | Noticed Nikola
 21887 | Shoals:4 | Killed Nikola
 22100 | Shoals:4 | Got a barnacled rune of Zot
 22373 | Spider:1 | Entered Level 1 of the Spider Nest
 22687 | Spider:1 | Reached XP level 17. HP: 148/157 MP: 17/17
 23212 | Spider:2 | Noticed Arachne
 23254 | Spider:2 | Killed Arachne
 24097 | Spider:3 | Noticed Asterion
 24119 | Spider:3 | Noticed Jorgrun
 24122 | Spider:3 | Killed Asterion
 24134 | Spider:3 | Killed Jorgrun
 24336 | D:13     | Killed a lich
 24339 | D:13     | Killed a lich
 24344 | D:13     | Killed a lich
 24345 | D:13     | Killed a lich
 24354 | D:13     | Killed Ahonude's ghost
 24359 | D:13     | Got a clouded steel ring
 24365 | D:13     | Got a pair of bloodstained boots
 24374 | D:13     | Identified the cursed +0 pair of boots of the Foremost
                  | Demons {Int+3} (You found it on level 13 of the Dungeon)
 24376 | D:13     | Identified the ring of Desy {+Fly rC+ rN+} (You found it on
                  | level 13 of the Dungeon)
 24950 | Spider:3 | Gained mutation: You passively map a large area around you.
                  | [Deep Dwarf growth]
 24950 | Spider:3 | Reached XP level 18. HP: 171/171 MP: 1/18
 25624 | Spider:4 | Entered Level 4 of the Spider Nest
 25926 | Spider:4 | Noticed Donald
 25943 | Spider:4 | Killed Donald
 25968 | Spider:4 | Noticed Agnes
 26103 | Spider:4 | Found a transporter.
 26225 | Spider:4 | Noticed Rod Caur's ghost (adept HOFi)
 26231 | Spider:4 | Found a transporter.
 26309 | Spider:4 | Killed Rod Caur's ghost
 26478 | Spider:4 | Killed Agnes
 26747 | Spider:4 | Reached skill level 10 in Evocations
 26814 | Spider:4 | Got a gossamer rune of Zot
 27115 | Vaults:1 | Entered Level 1 of the Vaults
 27138 | Vaults:1 | Noticed an Ice Fiend
 27343 | Vaults:1 | Reached skill level 15 in Armour
 27549 | Vaults:1 | Reached XP level 19. HP: 182/182 MP: 16/16
 28804 | Vaults:2 | Found Etuidis's Weapon Emporium.
 28875 | Vaults:2 | Noticed Boris
 28899 | Vaults:2 | Killed Boris
 28899 | Vaults:2 | Reached skill level 15 in Fighting
 30150 | Lair:6   | Reached skill level 15 in Dodging
 30161 | Lair:6   | Reached XP level 20. HP: 189/195 MP: 17/17
 31401 | Vaults:3 | Found Enazool's Armour Boutique.
 31414 | Vaults:3 | Bought the +2 helmet of Responsibility {rElec rPois rN+}
                  | for 701 gold pieces
 31465 | Vaults:3 | Found a runed translucent door.
 31465 | Vaults:3 | Noticed deprived's ghost (veteran HOFi)
 31546 | Vaults:3 | Killed deprived's ghost
 31670 | Vaults:3 | Noticed Boris
 31691 | Vaults:3 | Killed Boris
 32217 | Vaults:3 | Found a staircase to the Crypt.
 32588 | Vaults:3 | Bought a +1 tower shield of protection for 313 gold pieces
 33469 | Vaults:4 | Reached skill level 16 in Shields
 33848 | Vaults:4 | Reached XP level 21. HP: 206/206 MP: 18/18
 34370 | Vaults:5 | Entered Level 5 of the Vaults
 34400 | Vaults:5 | Reached skill level 17 in Shields
 34472 | Vaults:5 | Noticed an ancient lich
 34497 | Vaults:5 | Killed an ancient lich
 34497 | Vaults:5 | Reached skill level 18 in Shields
 34515 | Vaults:5 | Noticed Frederick
 34539 | Vaults:5 | Killed Frederick
 34645 | Vaults:5 | Reached XP level 22. HP: 218/218 MP: 19/19
 34669 | Vaults:5 | Got a glittering emerald amulet
 34670 | Vaults:5 | Identified the amulet "Paoqixzu" {Inacc rN++ Int-3} (You
                  | found it on level 5 of the Vaults)
 34675 | Vaults:5 | Got a smoking glass ring
 34676 | Vaults:5 | Identified the ring "Vibo Idu" {rF+ rC+ AC+4} (You found it
                  | on level 5 of the Vaults)
 34973 | Vaults:5 | Noticed a golden dragon
 34977 | Vaults:5 | Reached skill level 19 in Shields
 34992 | Vaults:5 | Killed a golden dragon
 35118 | Vaults:5 | Identified the ring of Gevibb {rPois rN+ Str+3 Stlth+}
 35364 | Vaults:5 | Got a pair of jewelled boots
 35366 | Vaults:5 | Identified the +1 pair of boots of the Bard {Int+7} (You
                  | found it on level 5 of the Vaults)
 35499 | Vaults:5 | Got a silver rune of Zot
 36059 | Depths:1 | Entered Level 1 of the Depths
 36107 | Depths:1 | Noticed the Enchantress
 36141 | Depths:1 | Killed the Enchantress
 36208 | Depths:1 | Noticed Saint Roka
 36256 | Depths:1 | Killed Saint Roka
 36557 | Depths:1 | Found Enludar's Jewellery Shop.
 36647 | Depths:1 | Reached skill level 20 in Shields
 36898 | Depths:1 | Found a gateway to Hell.
 37257 | Depths:2 | Found a one-way gate leading to the halls of Pandemonium.
 37355 | Depths:2 | Noticed a golden dragon
 37407 | Depths:2 | Killed a golden dragon
 37407 | Depths:2 | Reached XP level 23. HP: 228/228 MP: 20/20
 37466 | Depths:2 | Got a faintly glowing pewter ring
 37467 | Depths:2 | Identified the ring "Kaaczim" {rN+ Dex+4 Slay+2} (You found
                  | it on level 2 of the Depths)
 38396 | Depths:3 | Found Yguyvyow's Weapon Boutique.
 38476 | Depths:3 | Reached skill level 21 in Shields
 38478 | Depths:3 | Noticed Aizul
 38507 | Depths:3 | Killed Aizul
 38619 | Depths:3 | Found a shattered altar of Ashenzari.
 38705 | Depths:3 | Noticed a juggernaut
 38729 | Depths:3 | Killed a juggernaut
 38796 | Depths:3 | Identified the Almanac of Freezing Fire
 38871 | Depths:3 | Identified Yrairphi's Almanac of the Ass
 38873 | Depths:3 | Identified the Collected Works on Assistive Attacks
 39047 | Depths:4 | Found a one-way gate to the infinite horrors of the Abyss.
 39047 | Depths:4 | Noticed Louise
 39068 | Depths:4 | Killed Louise
 39224 | Depths:4 | Found a transporter.
 39225 | Depths:4 | Found a transporter.
 39247 | Depths:4 | Paralysed by accursed screaming for 1 turns
 39270 | Depths:4 | Got a flickering bone ring
 39271 | Depths:4 | Identified the ring "Secongokk" {+Fly MR+ MP+9 Stlth+} (You
                  | found it on level 4 of the Depths)
 39294 | Depths:4 | Got the ring "Dyar Ver" {rElec rF+ MR+ Str+6}
 39454 | Depths:4 | Found a gateway to a ziggurat.
 40153 | Elf:1    | Entered Level 1 of the Elven Halls
 40278 | Elf:1    | Reached skill level 22 in Shields
 40642 | Elf:1    | Reached XP level 24. HP: 240/240 MP: 20/20
 40647 | Elf:1    | Found a runed translucent gate.
 40647 | Elf:1    | Found a runed translucent gate.
 40647 | Elf:1    | Found a runed translucent gate.
 40647 | Elf:1    | Found a runed translucent gate.
 40647 | Elf:1    | Found a runed translucent gate.
 40648 | Elf:1    | Found a runed translucent gate.
 41047 | Elf:2    | Found a transporter.
 41047 | Elf:2    | Found a transporter.
 41063 | Elf:2    | Found a bloodstained altar of Trog.
 41066 | Elf:2    | Identified the +7 rapier of Defilement {vamp, MR+ Int+4
                  | SInv}
 41066 | Elf:2    | Identified the +6 longbow of Tartarus {venom, Str+4}
 41066 | Elf:2    | Noticed Heg Cuhi's ghost (adept MiFi)
 41068 | Elf:2    | Identified the +6 quick blade "Rainu" {drain, +Fly Int+4
                  | Dex-4}
 41113 | Elf:2    | Killed Heg Cuhi's ghost
 41255 | Elf:2    | Found a runed translucent gate.
 41255 | Elf:2    | Found a runed translucent gate.
 41256 | Elf:2    | Found a runed translucent gate.
 41263 | Elf:2    | Learned a level 2 spell: Song of Slaying
 41372 | Elf:2    | Found a ruined gateway.
 41389 | Desolati | Entered the Desolation of Salt
 41469 | Desolati | Identified the Handbook of the Trout
 41474 | Desolati | Got an ancient glass ring
 41885 | Desolati | Got a slimy tin amulet
 41886 | Desolati | Identified the amulet "Uluent" {Faith Str+6} (You found it
                  | in the Desolation of Salt)
 41887 | Desolati | Identified the ring "Qomur" {Fire Str+4 Dex+2 SInv Stlth-}
                  | (You found it in the Desolation of Salt)
 42205 | Elf:2    | Reached skill level 23 in Shields
 42816 | Elf:3    | Entered Level 3 of the Elven Halls
 43061 | Elf:3    | Reached XP level 25. HP: 239/249 MP: 20/20
 43201 | Elf:3    | Found a portal to a secret trove of treasure.
 43330 | Orc:2    | Bought a scroll of fear for 56 gold pieces
 43420 | Elf:3    | You paid a toll of 8 scrolls of fear to enter a treasure
                  | trove
 43421 | Trove    | Entered a treasure trove
 43424 | Trove    | Found the ring of Shadows {Umbra +Inv Stlth+}
 43430 | Trove    | Got a crude golden ring
 43448 | Trove    | Identified the ring "Urphyuclem" {EV+4 Str+3 Int+5} (You
                  | found it in a treasure trove)
 43455 | Trove    | Got a vibrating bone ring
 43459 | Trove    | Got a faintly glowing steel ring
 43464 | Trove    | Got a scintillating platinum ring
 43473 | Trove    | Identified the ring of Birdsong {rF+ rN+ MP+9 Int-2} (You
                  | found it in a treasure trove)
 43474 | Trove    | Identified the ring "Gavatwid" {rF+ rC- MP+9 Str+4 Slay+3}
                  | (You found it in a treasure trove)
 43475 | Trove    | Identified the ring "Cetiath" {rElec rC+ Int+6} (You found
                  | it in a treasure trove)
 43483 | Trove    | Got a pitted bronze ring
 43484 | Trove    | Identified the ring of Pecunell {Wiz *Corrode +Blink Dex-4
                  | SInv} (You found it in a treasure trove)
 43513 | Elf:3    | Identified the +5 long sword "Fosiosog" {flame, *Slow rN+
                  | Int+4}
 43521 | Elf:3    | Gained mutation: You have a beak for a mouth. [a neqoxec]
 44407 | Depths:5 | Entered Level 5 of the Depths
 44408 | Depths:5 | Noticed Mennas
 44429 | Depths:5 | Reached skill level 24 in Shields
 44438 | Depths:5 | Killed Mennas
 44529 | Depths:5 | Noticed Boris
 44546 | Depths:5 | Killed Boris
 44891 | Depths:5 | Found a gate to the Realm of Zot.
 44999 | Zot:1    | Entered Level 1 of the Realm of Zot
 45181 | Zot:3    | Reached skill level 25 in Shields
 45401 | Zot:4    | Found a runed translucent gate.
 45401 | Zot:4    | Found a runed translucent gate.
 45405 | Zot:4    | Found a runed translucent gate.
 45405 | Zot:4    | Noticed Beclu's ghost (legendary GnSk)
 45446 | Zot:4    | Reached XP level 26. HP: 75/262 MP: 20/20
 45486 | Zot:4    | Killed Beclu's ghost
 48837 | Zot:5    | Entered Level 5 of the Realm of Zot
 48974 | Zot:5    | Reached XP level 27. HP: 277/277 MP: 19/19
 49259 | Zot:5    | Noticed an orb of fire
 49260 | Zot:5    | Noticed an ancient lich
 49265 | Zot:5    | Killed an ancient lich
 49266 | Zot:5    | Noticed an orb of fire
 49269 | Zot:5    | Gained mutation: Your body sometimes deteriorates upon
                  | taking damage. [an orb of fire]
 49270 | Zot:5    | Killed an orb of fire
 49274 | Zot:5    | Gained mutation: You are weak. (Str -2) [an orb of fire]
 49281 | Zot:5    | Gained mutation: Your spells are a little easier to cast,
                  | but a little less powerful. [an orb of fire]
 49286 | Zot:5    | Killed an orb of fire
 49300 | Zot:5    | Noticed an orb of fire
 49301 | Zot:5    | Noticed an orb of fire
 49307 | Zot:5    | Noticed an orb of fire
 49309 | Zot:5    | Killed an orb of fire
 49315 | Zot:5    | Noticed an ancient lich
 49316 | Zot:5    | Gained mutation: You are dopey. (Int -2) [an orb of fire]
 49317 | Zot:5    | Noticed an ancient lich
 49319 | Zot:5    | Gained mutation: You are very dopey. (Int -4) [an orb of
                  | fire]
 49320 | Zot:5    | Noticed an ancient lich
 49321 | Zot:5    | Gained mutation: You have large cloven feet. [an orb of
                  | fire]
 49324 | Zot:5    | Gained mutation: You are frail. (-10% HP) [an orb of fire]
 49325 | Zot:5    | Killed an orb of fire
 49341 | Zot:4    | Lost mutation: Your body sometimes deteriorates upon taking
                  | damage. [potion of mutation]
 49341 | Zot:4    | Lost mutation: You are frail. (-10% HP) [potion of
                  | mutation]
 49341 | Zot:4    | Lost mutation: You are weak. (Str -2) [potion of mutation]
 49341 | Zot:4    | Gained mutation: Scrolls take you a little longer to read.
                  | [potion of mutation]
 49341 | Zot:4    | Gained mutation: Scrolls take you longer to read. [potion
                  | of mutation]
 49341 | Zot:4    | Gained mutation: You are partially covered in slimy green
                  | scales. (AC +2) [potion of mutation]
 49342 | Zot:4    | Lost mutation: You have large cloven feet. [potion of
                  | mutation]
 49342 | Zot:4    | Lost mutation: You are very dopey. (Int -4) [potion of
                  | mutation]
 49342 | Zot:4    | Gained mutation: You are weak. (Str -2) [potion of
                  | mutation]
 49342 | Zot:4    | Gained mutation: You are partially covered in thin metallic
                  | scales. (AC +2) [potion of mutation]
 49344 | Zot:4    | Lost mutation: You are dopey. (Int -2) [potion of mutation]
 49344 | Zot:4    | Lost mutation: You are weak. (Str -2) [potion of mutation]
 49344 | Zot:4    | Lost mutation: You are partially covered in slimy green
                  | scales. (AC +2) [potion of mutation]
 49344 | Zot:4    | Lost mutation: Your spells are a little easier to cast, but
                  | a little less powerful. [potion of mutation]
 49344 | Zot:4    | Gained mutation: You have a pair of small horns on your
                  | head. [potion of mutation]
 49641 | Zot:5    | Killed an ancient lich
 49675 | Zot:5    | Killed an orb of fire
 49704 | Zot:5    | Killed an ancient lich
 49743 | Zot:5    | Killed an ancient lich
 49879 | Zot:5    | Got the Orb of Zot
 49986 | Zot:2    | Noticed Naaxkyt the pandemonium lord
 49988 | Zot:2    | Gained mutation: Your body sometimes deteriorates upon
                  | taking damage. [a cacodemon]
 50073 | Zot:2    | Killed Naaxkyt the pandemonium lord
 50287 | D:14     | Noticed Rawanlill the pandemonium lord
 50645 | D:$      | Escaped with the Orb!

Illustrated notes

Levels and vault maps discovered:
D:1:      dpeg_arrival_shrine, layout_loops_ring, minivault_25
D:2:      layout_basic, good_gods_temple_1, first_ration, hangedman_glass_teeth,
          xom_teletrap_fun
D:3:      layout_basic, yredelemnul_forgotten_temple_becter,
          kennysheep_slug_shrine
D:4:      layout_loops_ring, lemuel_crystal_altar, lightli_corner_chamber,
          uniq_robin, uniq_pikel
D:5:      layout_loops_ring, uniq_eustachio
D:6:      layout_basic, lemuel_doored_altar, serial_shops, shop, tso_metal_star
D:7:      layout_cave_pools, grunt_temple_overflow_forces_of_nature,
          nicolae_overflow_hidden_temple, lemuel_temple_firewalk_a,
          grunt_livestock, nicolae_gozag_seed_capital
D:8:      layout_basic, overflow_temple_1_default
D:9:      layout_basic, kennysheep_orc_monster_closet_entryway, uniq_erolcha
D:10:     layout_cave_pools, dpeg_lair_monsters, serial_shops,
          nicolae_shop_behind_doors, hangedman_abyss_or_decor_stagger,
          bh_walls_and_bars
D:11:     minmay_the_grid_triangle_9x9_rhombus_thin
          [minmay_the_grid_triangle_9x9_checkered,
          minmay_the_grid_triangle_9x9_prize_insulated,
          minmay_the_grid_triangle_9x9_warning,
          minmay_the_grid_triangle_9x9_odd_lines], layout_basic, serial_shops,
          bzr_entry_safe, grunt_qazlal_clouds
D:12:     layout_long_grid
D:13:     layout_big_octagon, david_vaults_1, basic_altar,
          gammafunk_ghost_crypt, nrook_guardian_serpent_double
D:14:     layout_basic, minivault_27, fedhas_altar_2
D:15:     grunt_enter_depths_magical_seal, layout_loops_cross,
          gauntlet_entry_generic, hex_medium, corexii_checkpoint_a,
          minmay_fire_ice_demons
Temple:   dpeg_three_leaves_temple
Lair:1:   layout_roguey, minmay_lair_oklob_chamber
Lair:2:   layout_cave_pods, special_room [special_room_bee], serial_rivers,
          chequers_serial_rivers_micro_b, chequers_serial_rivers_small_b,
          chequers_serial_rivers_large_a, chequers_serial_rivers_room_b,
          chequers_serial_rivers_micro_a
Lair:3:   layout_cave_pods, spider_nest_entry_rubble, serial_rivers,
          chequers_serial_rivers_small_b, chequers_serial_rivers_small_a,
          chequers_serial_rivers_small_b, chequers_serial_rivers_marsh,
          chequers_serial_rivers_marsh, chequers_serial_rivers_micro_c,
          minmay_lair_oklob_items
Lair:4:   layout_roguey, elwin_shoals_entry_rooms, serial_bayou_shore_b,
          infiniplex_staircase_pool, uniq_kirke, uniq_rupert
Lair:5:   layout_regular_city, slime_altar_1, beast_lair_carwin_10,
          lemuel_fruit_fields
Lair:6:   due_jungle_book, layout_regular_city, lemuel_fruit_tree
Shoals:1: layout_shoals, centaur_isle
Shoals:2: layout_shoals
Shoals:3: layout_shoals
Shoals:4: shoals_end_simple, layout_shoals, shoal_ilsuiw, abandoned_shop,
          uniq_nikola
Spider:1: layout_spider_delve
Spider:2: nicolae_orb_stairs_large, nicolae_spider_cling_halls, uniq_arachne
Spider:3: layout_chambers, drop_trap, uniq_jorgrun, uniq_asterion
Spider:4: grunt_spider_rune_circles, gammafunk_ghost_arena, drop_trap,
          uniq_agnes, uniq_donald
Orc:1:    layout_caves, portal_ice_cave_entry_ice_beasts,
          nicolae_orc_sculptors_studio
Orc:2:    st_orc_rangers, layout_caves, serial_shops, nicolae_shop_trees
Elf:1:    eino_elf_arrival_the_gate, layout_gridlike, orc_legates
Elf:2:    layout_gridlike, gammafunk_ghost_wrathful_warriors,
          portal_desolation_entry_nicolae_nacl
Elf:3:    minmay_elf_hall_quartered_circle, layout_onion_city, enter_trove_2,
          drop_trap, amethyst_killhole
Vaults:1: dpeg_vaults_monster_row, v_alt_pattern_6, vaults_dpeg_ring,
          nicolae_vaults_little_squares_5, vaults_dpeg_hooks,
          layout_vaults_omnigrid
Vaults:2: hangedman_vaults_locks, dpeg_vaults_monster_box,
          ontoclasm_vaults_gateway, ontoclasm_vaults_pinch,
          nicolae_vaults_specimen_jars, nicolae_vaults_network_barrier,
          nicolae_vaults_network_star, grunt_vaults_funnel,
          ontoclasm_vaults_ring_small, vaults_room_semicircle,
          layout_vaults_maze_bifur, serial_shops, shop_fountains, uniq_boris
Vaults:3: ebering_vaults_ghost_inner_flame, minmay_crypt_entry_vampire_xt,
          hangedman_vaults_nails, v_misc_26, vaults_room_hallway,
          v_alt_pattern_4, ontoclasm_vaults_ring_square,
          nicolae_vaults_rhombus_7, ontoclasm_vaults_shuriken,
          nicolae_vaults_shelves_hall, hangedman_vaults_snaps,
          layout_vaults_omnicross, serial_shops,
          nicolae_shop_competitors_out_of_business
Vaults:4: nicolae_vaults_network_square, ontoclasm_vaults_water_temple,
          v_misc_15, ontoclasm_vaults_loading_screen,
          nicolae_vaults_hallways_thing, v_alt_pattern_3,
          nicolae_vaults_alarming, nicolae_vaults_little_ls, vaults_mumra_hex,
          nicolae_vaults_three_branches, layout_vaults_big_room
Vaults:5: uniq_frederick
Depths:1: layout_cave_shapes, hellmouth_1, serial_shops, kennysheep_little_box,
          chequers_serial_rivers_small_a, dispersion_dpeg,
          infiniplex_staircase_pool_lava, uniq_saint_roka, uniq_enchantress
Depths:2: minmay_bloctagon, layout_basic, hell_entry, rand_demon_pan_entry_7,
          minmay_checkered_concentric_circles, infiniplex_staircase_zigzag_2
Depths:3: minmay_fractal_lines_corner, layout_cave_shapes, serial_shops,
          nicolae_shop_window_shopping, pan_entry, grunt_hell_horde,
          ashenzari_altar_1, uniq_aizul
Depths:4: gammafunk_corrupted_shrine, layout_basic, enter_ziggurat_b,
          nicolae_abyss_entry_one_way_or_another, pf_hell_entry_tar_river,
          chequers_serial_rivers_micro_a
Depths:5: grunt_twist_and_shout, layout_cave_shapes, hell_entry, uniq_mennas
Zot:1:    layout_cellular_growth
Zot:2:    layout_onion, zot_minivault_1
Zot:3:    layout_basic, grunt_megastairs_2
Zot:4:    layout_cellular_growth, gammafunk_ghost_split
Zot:5:    layout_twisted_circle

Skill      XL: |  1  2  3  4  5  6  7  8  9 10 11 12 13 14 15 16 17 18 19 20 21 22 23 24 25 26 27 |
---------------+----------------------------------------------------------------------------------+-----
Fighting       | 3 4 5 6 7 8 9 10 11 13 14 15 16 17 18 19 20 21 22 | 22.7
Axes           | 3 4 5 6 7 9 11 12 13 14 15 16 18 19 20 22 23 24 | 24.8
Shields        | 4 5 6 8 9 11 12 13 14 15 16 18 20 22 23 25 | 25.0
Armour         | 4 5 6 7 8 9 10 11 12 13 14 15 16 18 19 20 21 | 21.3
Dodging        | 2 4 6 8 9 10 11 13 15 16 17 | 17.9
Invocations    | 2 5 7 9 11 12 13 14 | 14.0
Evocations     | 1 5 10 | 10.0

Action                   |  1- 3 |  4- 6 |  7- 9 | 10-12 | 13-15 | 16-18 | 19-21 | 22-24 | 25-27 || total
-------------------------+-------+-------+-------+-------+-------+-------+-------+-------+-------++-------
Melee: War axe           |   138 |   146 |   523 |   791 |  1009 |       |       |       |       ||  2607
       Unarmed           |       |       |       |       |     3 |       |       |       |       ||     3
       Broad axe         |       |       |       |       |   584 |  1405 |  1454 |  1785 |  1451 ||  6679
       Peck              |       |       |       |       |       |       |       |       |   468 ||   468
       Headbutt          |       |       |       |       |       |       |       |       |    69 ||    69
Throw: Dart              |       |       |       |     1 |       |       |       |       |       ||     1
Invok: Lesser Servant of |       |       |       |     1 |     2 |     1 |       |       |       ||     4
       Major Destruction |       |       |       |       |     3 |       |       |       |       ||     3
       Greater Servant o |       |       |       |       |       |     1 |       |       |       ||     1
 Abil: Heal Wounds       |       |     6 |    14 |    11 |    10 |     9 |       |       |    14 ||    64
Evoke: Wand              |       |       |       |       |     6 |       |       |       |     1 ||     7
  Use: Scroll            |       |    10 |     7 |    13 |    14 |     8 |     8 |    11 |    17 ||    88
       Potion            |       |       |       |     8 |     2 |     6 |     1 |     1 |     9 ||    27
 Stab: Invisible         |       |       |       |       |       |     1 |       |       |       ||     1
       Distracted        |       |       |       |       |       |       |       |     2 |       ||     2
       Confused          |       |       |       |       |       |       |       |     1 |       ||     1
  Eat: Chunk             |     1 |     5 |    12 |    15 |    27 |    13 |    12 |    15 |     4 ||   104
       Ration            |       |       |       |     1 |     2 |     3 |     4 |     4 |    10 ||    24
Armor: Scale mail        |    65 |    64 |   198 |       |       |       |       |       |       ||   327
       Plate armour      |       |       |   146 |   361 |   552 |   676 |   118 |       |       ||  1853
       Gold dragon scale |       |       |       |       |       |       |   448 |   623 |   566 ||  1637
Dodge: Dodged            |    40 |    47 |   190 |   194 |   365 |   546 |   425 |   374 |   356 ||  2537
Block: Kite shield       |    78 |   119 |   488 |   705 |  1365 |  1391 |   794 |       |       ||  4940
       Reflection        |       |       |       |       |   118 |    36 |    63 |   123 |    36 ||   376
       Tower shield      |       |       |       |       |       |       |   467 |  2020 |  1838 ||  4325
